 Dungeon Crawl Stone Soup version 0.16-a0-621-gdc21f72 (webtiles) character file.

38 PolkaDot the Caller (level 3, 0/24 HPs)
             Began as a Vampire Summoner on Sept 17, 2014.
             Succumbed to an adder's poison
             ... on Level 2 of the Dungeon.
             The game lasted 00:03:46 (1464 turns).

PolkaDot the Caller (Vampire Summoner)              Turns: 1464, Time: 00:03:46

HP   0/24        AC  2     Str  7      XL: 3   Next: 25%
MP   6/6         EV 18     Int 18      God:
Gold 87          SH  0     Dex 19      Spells:  1 memorised,  5 levels left

rFire  . . .     SeeInvis +     h - +1 short sword (venom)
rCold  . . .     Clarity  .     a - +0 robe
rNeg   . . .     rCorr    .     (no shield)
rPois  .         rRot     .     (no helmet)
rElec  .         Spirit   .     (no cloak)
SustAb .         Warding  .     (no gloves)
rMut   .         Stasis   .     (no boots)
Gourm  .                        (no amulet)
MR     +....                    (no ring)
                                g - ring of protection from magic

@: agile, lethally poisoned, regenerating quickly, somewhat resistant to hostile
enchantments, stealthy
A: fangs 3, see invisible, unbreathing
a: no special abilities


You were on level 2 of the Dungeon.
You were very full.

You visited 1 branch of the dungeon, and saw 2 of its levels.

You collected 87 gold pieces.

Inventory:

Hand weapons
 h - a +1 short sword of venom (weapon)
Armour
 a - a +0 robe (worn)
Scrolls
 e - a scroll of blinking {unknown}
 f - a scroll of remove curse {unknown}
 i - 3 scrolls of identify {unknown}
 m - 2 scrolls of fog {unknown}
Jewellery
 g - a ring of protection from magic (left hand)
Potions
 j - a potion of heal wounds {unknown}
 k - a potion of restore abilities {unknown}
 l - a potion of lignification {unknown}
Books
 b - a book of Callings

   Spells                             Type                      Level
   *Summon Small Mammal               Summoning                    1
   Call Imp                           Summoning                    2
   Call Canine Familiar               Summoning                    3
   Summon Guardian Golem              Hexes/Summoning              4
   Summon Lightning Spire             Summoning/Air                4
   Summon Ice Beast                   Ice/Summoning                4


   Skills:
 - Level 2.1 Dodging
 - Level 3.0 Stealth
 - Level 2.0 Spellcasting
 * Level 5.1 Summonings


You had 5 spell levels left.
You knew the following spells:

 Your Spells              Type           Power        Failure   Level  Hunger
a - Summon Small Mammal   Summ           ###.         1%          1    #......


Dungeon Overview and Level Annotations

Branches:
Dungeon (2/15)

Altars:
Okawaru


Innate Abilities, Weirdness & Mutations

Your natural rate of healing is unusually fast.
You have razor-sharp teeth.
You have supernaturally acute eyesight.
You can survive without breathing.


Message History

* * * LOW HITPOINT WARNING * * *
You feel sick. The adder bites you.
* * * LOW HITPOINT WARNING * * *
You are more poisoned.
The adder poisons you!
Your quokka barely misses the adder.
Your rat barely misses the adder.
The adder closely misses you.
* * * LOW HITPOINT WARNING * * *
You feel sick.
Your quokka bites the adder.
The adder dies!
* * * LOW HITPOINT WARNING * * *
You feel sick.
You swap places.
* * * LOW HITPOINT WARNING * * *
You feel sick.
Drink which item? (? for menu, Esc to quit)
You feel agile all of a sudden.
It was a potion of agility.
Drink which item? (? for menu, Esc to quit)
Magic courses through your body.
It was a potion of magic.
You die...

###### ##.## #...%.#
##...## #.....##
........ +.......
......# #.....# ###....
#.....# ...... #...(.#
####..####.rr..#
#..........r@<##
#.#.#.#######.#
#####.#...##.####.##.
......................
#####.######...........
......######.####.......
...........#.# #.....
... ##########.#.# #....
...
...........#.####.######
..#


You could see 2 friendly quokkas and a friendly rat.

Vanquished Creatures
  An adder (D:2)
  A giant gecko (D:1)
  2 hobgoblins
  2 ball pythons (D:1)
  2 bats (D:1)
  A giant newt (D:1)
  A goblin (D:1)
  A jackal (D:1)
  3 kobolds
  A rat (D:1)
15 creatures vanquished.

Vanquished Creatures (collateral kills)
  An adder (D:2)
  2 oozes (D:1)
  2 hobgoblins (D:1)
  3 jackals (D:1)
  A kobold (D:1)
  A bat (D:1)
10 creatures vanquished.

Vanquished Creatures (others)
  A ball python (D:1)
  A bat (D:1)
2 creatures vanquished.

Grand Total: 27 creatures vanquished

Notes
Turn   | Place    | Note
--------------------------------------------------------------
     0 | D:1      | PolkaDot, the Vampire Summoner, began the quest for the Orb.
     0 | D:1      | Reached XP level 1. HP: 13/13 MP: 3/3
   391 | D:1      | Reached XP level 2. HP: 10/19 MP: 0/4
  1231 | D:2      | Reached skill level 5 in Summonings
  1231 | D:2      | Reached XP level 3. HP: 20/24 MP: 6/6
  1395 | D:2      | Found an iron altar of Okawaru.
  1461 | D:2      | HP: 1/24 [poisoned by an adder]
  1464 | D:2      | Succumbed to an adder's poison

Action                   || total
-------------------------++-------
Melee: Unarmed           ||    35
       Short sword       ||    53
 Cast: Summon Small Mamm ||    22
  Use: Potion            ||     3
 Stab: Sleeping          ||     5
  Eat: Corpse            ||    10
